 Dungeon Crawl Stone Soup version 0.25.0-37-gb73750e0fb (webtiles) character file.

Game seed: 1787940624621441343

144 Ethylacetat the Poker (level 5, -3/39 HPs)
             Began as a Demonspawn Gladiator on July 8, 2020.
             Slain by Sigmund
             ... wielding a +0 scythe
              (9 damage)
             ... on level 3 of the Dungeon.
             The game lasted 00:05:09 (2314 turns).

Ethylacetat the Poker (Demonspawn Gladiator)        Turns: 2314, Time: 00:05:10

Health: -3/39      AC:  4    Str: 16      XL:     5   Next: 5%
Magic:  5/5        EV: 13    Int:  8 (9)  God:
Gold:   51         SH:  0    Dex: 14      Spells: 4/4 levels left

rFire    . . .     SeeInvis .   a - +0 trident
rCold    + . .     Gourm    .   (no shield)
rNeg     . . .     Faith    .   b - +0 leather armour
rPois    .         Spirit   .   c - +0 helmet
rElec    .         Reflect  .   (no cloak)
rCorr    .         Harm     .   (no gloves)
MR       .....                  (no boots)
Stlth    +.........             (no amulet)
HPRegen  0.13/turn              i - ring of wizardry
MPRegen  0.09/turn              (no ring)

@: no status effects
A: talons 1, cold resistance 1, mutation resistance 1, powered by pain 2
a: no special abilities


You were on level 3 of the Dungeon.
You were not hungry.

You visited 1 branch of the dungeon, and saw 3 of its levels.

You collected 51 gold pieces.

Inventory:

Hand Weapons
 a - a +0 trident (weapon)
Missiles
 d - 2 throwing nets (quivered)
Armour
 b - a +0 leather armour (worn)
 c - a +0 helmet (worn)
Jewellery
 i - a ring of wizardry (left hand)
Wands
 r - a wand of flame (24)
 s - a wand of polymorph (1)
 t - a wand of enslavement (11)
Scrolls
 e - 5 scrolls of identify {unknown}
 g - a scroll of random uselessness {unknown}
 h - a scroll of magic mapping {unknown}
 l - a scroll of remove curse {unknown}
 o - a scroll of enchant armour {unknown}
 p - a scroll of teleportation {unknown}
Potions
 k - a potion of lignification {unknown}
 m - a potion of mutation
 n - a potion of flight {unknown}
 q - a potion of heal wounds
Comestibles
 f - 3 rations
 j - 5 chunks of flesh


   Skills:
 + Level 2.5 Fighting
 + Level 4.0 Polearms
 + Level 1.9 Throwing
 + Level 2.0 Armour
 + Level 3.0 Dodging
 + Level 0.2 Stealth
 + Level 0.3 Unarmed Combat


You had 4 spell levels left.
You didn't know any spells.
Your spell library was empty.

Dungeon Overview and Level Annotations

Branches:
Dungeon (3/15)

Altars:

Annotations:
D:3 Sigmund


Innate Abilities, Weirdness & Mutations

You sometimes gain power by taking damage.
You have sharp toenails.
Your flesh is cold resistant. (rC+)
You are somewhat resistant to further mutation.


Message History

You reach to attack!
You barely miss something.
Something wriggles in the net.
All of a sudden the net rips apart!
Attack whom?
Press: ? - help, Dir - move target cursor You reach to attack!
You hit something. Something hits you.
* * * LOW HITPOINT WARNING * * *
Attack whom?
Press: ? - help, Dir - move target cursor You reach to attack!
You miss something. Something hits you.
* * * LOW HITPOINT WARNING * * *
Attack whom?
Press: ? - help, Dir - move target cursor You reach to attack!
You hit something.
Attack whom?
Press: ? - help, Dir - move target cursor You reach to attack!
You barely miss something. Something barely misses you.
Attack whom?
Press: ? - help, Dir - move target cursor You reach to attack!
You closely miss something. Something hits you!
You die...

#.#.#.....###.#
#...#.##### #.#
##....# #.#
......#.## #.
#####.#..# #.
#....# #.
#....######{
#.........#.####
#.#>####.##.@..#
#.รทรท.# #.#####.#
###..# #.# #.#
#..###.#####.#
######..#.........#
#.......#.###.#####
#.#####.#.#.....#
#.#####.# #.#.#.#
#.......# #.#.#.#


There were no monsters in sight!

Vanquished Creatures
  Ijyb (D:3)
  Robin (D:2)
  3 adders
  A worm (D:3)
  4 giant cockroaches
  23 goblins
  13 hobgoblins
  3 jackals (D:3)
  3 ball pythons
  3 bats
  2 frilled lizards
  6 kobolds
  5 rats
68 creatures vanquished.

Notes
Turn   | Place    | Note
-------+----------+-------------------------------------------
     0 | D:1      | Ethylacetat the Demonspawn Gladiator began the quest for
                  | the Orb.
     0 | D:1      | Reached XP level 1. HP: 16/16 MP: 1/1
   209 | D:1      | Reached skill level 3 in Polearms
   209 | D:1      | Gained mutation: You sometimes gain a little power by
                  | taking damage. [demonic ancestry]
   209 | D:1      | Reached XP level 2. HP: 22/22 MP: 2/2
   679 | D:2      | Gained mutation: You sometimes gain power by taking damage.
                  | [demonic ancestry]
   679 | D:2      | Reached XP level 3. HP: 20/28 MP: 3/3
   714 | D:2      | HP: 1/28 [poisoned by an adder]
  1178 | D:2      | Noticed Robin
  1216 | D:2      | Gained mutation: You have sharp toenails. [potion of
                  | mutation]
  1216 | D:2      | Gained mutation: Your flesh is cold resistant. (rC+)
                  | [potion of mutation]
  1216 | D:2      | Gained mutation: You are somewhat resistant to further
                  | mutation. [potion of mutation]
  1217 | D:2      | HP: 1/28 [poisoned by a goblin]
  1237 | D:2      | Killed Robin
  1237 | D:2      | Reached XP level 4. HP: 7/34 MP: 4/4
  1788 | D:2      | Reached skill level 1 in Armour
  1908 | D:3      | Noticed Ijyb
  1933 | D:3      | Killed Ijyb
  2049 | D:3      | Reached XP level 5. HP: 30/39 MP: 5/5
  2138 | D:3      | Reached skill level 4 in Polearms
  2297 | D:3      | Noticed Sigmund
  2314 | D:3      | Slain by Sigmund

Illustrated notes

Levels and vault maps discovered:
D:1:      minmay_arrival_four_houses, layout_basic, grunt_decor_mini_mirrors
D:2:      layout_loops_cross, minmay_goblin_outpost, uniq_robin
D:3:      layout_basic, nicolae_dithmenos_through_a_glass_darkly,
          overflow_temple_1_default, chequers_ecumenical_altar_island,
          uniq_sigmund, uniq_ijyb

Skill      XL: |  1  2  3  4  5 |
---------------+----------------+-----
Polearms       | 3 4 |  4.0
Dodging        | 3 |  3.0
Armour         | 2 |  2.0
Fighting       | |  2.5
Throwing       | |  1.9
Stealth        | |  0.2
Unarmed Combat | |  0.3

Action                   |  1- 3 |  4- 6 || total
-------------------------+-------+-------++-------
Melee: Trident           |   143 |    62 ||   205
       Kick              |     5 |     7 ||    12
       Unarmed           |       |    23 ||    23
Throw: Throwing net      |       |     2 ||     2
  Use: Potion            |     7 |       ||     7
 Stab: Sleeping          |     1 |     1 ||     2
  Eat: Chunk             |     1 |     4 ||     5
Armor: Leather armour    |    35 |     7 ||    42
       Skin              |       |     5 ||     5
Dodge: Dodged            |    61 |    56 ||   117
